Cogmind - Beta 12 *** ADVENTURER MODE // 2023.08.05 @ 07:07:44 // Winter2019/RPGLIKE Player: Rudolf Result: Destroyed by Y-54 Guardian with Gatling Laser Performance ------------- Evolutions (3) 1500 Regions Visited (4) 800 Robots Destroyed (31) 155 Value Destroyed (1108) 1108 Prototype IDs (0) 0 Alien Tech Used (0) 0 Bonus (11) 11 TOTAL SCORE: 3574 Bonus ------- High Alert Combat Kills 11 Cogmind --------- Core Integrity 0/1050 Matter 81/300 Energy 136/160 System Corruption 0% Temperature Cool (6) Movement Walking (122) Location -7/Factory Parts ------- > --- POWER (1) -------- Light Nuclear Core > --- PROPULSION (4) --- Aluminum Leg Aluminum Leg Aluminum Leg Titanium Leg > --- UTILITY (5) ------ Improved Heat Sink Machine Analyzer Improved Utility Shielding Improved Medium Armor Plating Hacking Suite > --- WEAPON (3) ------- Ion Cannon Flak Cannon Plasma Cutter > --- INVENTORY (3) ---- Hardened Light Armor Plating EM Pulse Gun Heavy Assault Rifle Peak State ------------ > --- POWER ------------ Light Nuclear Core > --- PROPULSION ------- Aluminum Leg Aluminum Leg Aluminum Leg Titanium Leg > --- UTILITY ---------- Improved Heat Sink Machine Analyzer Force Booster Improved Medium Armor Plating Hacking Suite > --- WEAPON ----------- Ion Cannon Flak Cannon Plasma Cutter > --- INVENTORY -------- Hardened Light Armor Plating EM Pulse Gun Heavy Assault Rifle [Rating: 34] Favorites ----------- Power Improved Ion Engine Engine Improved Ion Engine Power Core Light Nuclear Core Propulsion Aluminum Leg Treads Light Treads Leg Aluminum Leg Wheel Compact Wheel Utility Shield Generator Device Shield Generator Processor Machine Analyzer Hackware Hacking Suite Protection Improved Medium Armor Plating Weapon Medium Laser Energy Gun Medium Laser Energy Cannon Ion Cannon Ballistic Gun Light Assault Rifle Ballistic Cannon Flak Cannon Special Weapon Plasma Cutter Impact Weapon Hammer Build | -11 -10 -9 -8 -7 ------- Run | Jun Mat Mat Mat Fac Slots Evolved 9 | 3 . 2 3 1 Power . | . . . . . Propulsion 3 | 2 . 1 . . Utility 4 | . . 1 2 1 Weapon 2 | 1 . . 1 . Parts Attached 33 | 5 . 7 13 8 Power 3 | . . 2 1 . Engine 2 | . . 2 . . Core 1 | . . . 1 . Reactor . | . . . . . Propulsion 8 | 3 . 4 . 1 Treads 2 | . . 2 . . Leg 5 | 2 . 2 . 1 Wheel 1 | 1 . . . . Hover . | . . . . . Flight . | . . . . . Utility 13 | . . 1 6 6 Device 7 | . . 1 3 3 Storage . | . . . . . Processor 1 | . . . . 1 Hackware 1 | . . . 1 . Protection 4 | . . . 2 2 Artifact . | . . . . . Weapon 9 | 2 . . 6 1 Energy Gun 2 | 1 . . 1 . Energy Cannon 1 | . . . 1 . Ballistic Gun 3 | 1 . . 2 . Ballistic Cannon 1 | . . . 1 . Launcher . | . . . . . Special Weapon 1 | . . . . 1 Impact Weapon 1 | . . . 1 . Slashing Weapon . | . . . . . Piercing Weapon . | . . . . . Special Melee Weapon . | . . . . . Unidentified Prototypes . | . . . . . Parts Lost . | . . . . . Power . | . . . . . Propulsion . | . . . . . Utility . | . . . . . Weapon . | . . . . . Highest Loss Streak . | . . . . . To Critical Strikes . | . . . . . Average Slot Usage (%) 88 | . 71 77 93 99 Engine 4 | . . 10 5 . Core 2 | . . . 2 7 Treads 2 | . . 7 . . Leg 31 | . 28 30 33 30 Wheel 2 | . 14 2 . . Device 9 | . . 3 14 14 Processor 1 | . . . . 5 Hackware 4 | . . . 6 7 Protection 3 | . . . 5 8 Energy Gun 6 | . 14 11 6 . Energy Cannon 2 | . . . 1 7 Ballistic Gun 9 | . 14 11 12 3 Ballistic Cannon 3 | . . . 3 7 Naked Turns . | . . . . . Heaviest Build 31 | 3 3 12 28 31 Greatest Support 52 | 20 20 45 45 52 Greatest Overweight (x) . | . . . . . Average Overweight (x) . | . . . . . Largest Inventory Capacity 3 | 3 3 3 3 3 Average Capacity 2 | 2 3 3 3 3 Most Carried 3 | 3 3 3 3 3 Average Carried 2 | 1 2 2 2 2 Final Capacity 3 | 3 3 3 3 3 Final Carried 3 | 3 2 3 3 3 Class Distribution -------------------- 43% | Mutant 36% | Scavenger-Tank 10% | Scavenger-Mutant 7% | Gunner 3% | Scavenger-Gunner Dominant Class ---------------- Mutant | -10/Materials Mutant | -9/Materials Scavenger-Tank | -8/Materials Scavenger-Tank | -7/Factory Resources | -11 -10 -9 -8 -7 ----------- Run | Jun Mat Mat Mat Fac Matter Collected 581 | 175 62 134 210 . Remotely . | . . . . . Salvage Created 1134 | . 134 487 432 81 Parts 70 | . 9 30 27 4 Haulers Intercepted . | . . . . . Recyclers Shooed 1 | . . 1 . . Parts Field Recycled . | . . . . . Retrieved Matter . | . . . . . Parts Self-Destructed . | . . . . . Prevented . | . . . . . Kills | -11 -10 -9 -8 -7 ------- Run | Jun Mat Mat Mat Fac Combat Hostiles Destroyed 25 | . 4 9 9 3 Guns 20 | . 4 9 7 . Cannons 5 | . . . 2 3 Classes Destroyed 7 | . 1 5 1 . Worker 1 | . . 1 . . Builder 1 | . . 1 . . Recycler 1 | . . 1 . . Operator 2 | . . 1 1 . Watcher 1 | . . . 1 . Grunt 22 | . 4 8 7 3 Sentry 3 | . . 1 2 . Best Kill Streak 7 | . 2 7 3 3 Combat Bots Only 3 | . 2 3 3 3 Max Kills in Single Turn 2 | . 1 2 1 1 Gunslinging . | . . . . . Exploded . | . . . . . Melee . | . . . . . Uniques/NPCs Destroyed . | . . . . . Combat | -11 -10 -9 -8 -7 -------- Run | Jun Mat Mat Mat Fac Damage Taken 1817 | . 195 322 261 1039 Core 1297 | . 157 250 179 711 Absorbed by Shields 263 | . . 65 102 96 Redirected to Core 1047 | . 124 198 146 579 Core Remaining (%) 80 | 100 88 68 65 . Volleys Fired 85 | . 15 36 25 9 Largest 3 | . 2 2 3 3 Hottest 127 | . 70 70 127 127 Shots Fired 199 | . 30 72 74 23 Gun 160 | . 30 72 57 1 Cannon 34 | . . . 17 17 Launcher . | . . . . . Special 5 | . . . . 5 Kinetic 111 | . 15 36 50 10 Thermal 88 | . 15 36 24 13 Explosive . | . . . . . Electromagnetic . | . . . . . Robot Hit Streak 28 | . 12 21 18 28 Robot Miss Streak 3 | . 1 1 3 2 Penetration Max . | . . . . . Secondary Targets 2 | . . 1 1 . Max Gunslinging Chain 1 | . . 1 1 . Shots Hit Robots 158 | . 23 59 56 20 Core Hits 85 | . 9 26 35 15 Critical Kills 2 | . 1 . 1 . Critical Parts Destroyed 1 | . . . 1 . Critical Strikes 4 | . 1 . 3 . Burn 1 | . . . 1 . Destroy 3 | . 1 . 2 . Melee Attacks . | . . . . . Impact . | . . . . . Slashing . | . . . . . Piercing . | . . . . . Sneak Attacks . | . . . . . Combat Hostiles . | . . . . . Follow-up Attacks . | . . . . . Damage Inflicted 2422 | . 232 629 991 570 Guns 1529 | . 232 629 648 20 Cannons 840 | . . . 343 497 Explosions . | . . . . . Melee . | . . . . . Ramming 16 | . . . . 16 Kinetic 1298 | . 81 237 670 310 Thermal 1108 | . 151 392 321 244 Explosive . | . . . . . Electromagnetic . | . . . . . Impact . | . . . . . Slashing . | . . . . . Piercing . | . . . . . Highest Corruption . | . . . . . Average Corruption . | . . . . . Corruption Purged . | . . . . . Corruption Blocked . | . . . . . Overload Shots . | . . . . . Overflow Damage 3 | . . . . 3 Projectiles 3 | . . . . 3 Explosions . | . . . . . Melee . | . . . . . Knockbacks 7 | . . . 5 2 Impact . | . . . . . Kinetic 6 | . . . 4 2 Secondary 1 | . . . 1 . Self-Inflicted Damage . | . . . . . Shots . | . . . . . Rammed . | . . . . . Targets Rammed 2 | . . . . 2 Kicked 2 | . . . . 2 Crushed . | . . . . . Highest Temperature 398 | . 63 398 . . Average Temperature 112 | . 28 137 . . Received Heat Transfer 1154 | . 141 221 198 594 Siege Activations . | . . . . . Robots Corrupted . | . . . . . Combat Hostiles . | . . . . . Parts Fried . | . . . . . Impact Corruptions . | . . . . . Robots Melted . | . . . . . Combat Hostiles . | . . . . . Parts Melted 2 | . 2 . . . Heat Transferred 2886 | . 444 1147 888 407 Parts Sabotaged . | . . . . . Parts Stolen . | . . . . . Parts Stripped . | . . . . . Power Chain Reactions . | . . . . . Missiles Intercepted . | . . . . . Alert | -11 -10 -9 -8 -7 ------- Run | Jun Mat Mat Mat Fac Peak Influence 413 | . 105 348 413 268 Initial 160 | . . 37 124 160 Average 180 | . 50 167 276 176 Maximum Alert Level 2 | . . 1 2 1 Low Security (%) 62 | 100 100 55 23 91 Level 1 34 | . . 44 67 8 Level 2 2 | . . . 9 . Level 3 . | . . . . . Level 4 . | . . . . . Level 5 . | . . . . . High Security . | . . . . . Max Security . | . . . . . Squads Dispatched 9 | . . 3 3 3 Investigation 7 | . . 2 2 3 Extermination . | . . . . . Reinforcement 2 | . . 1 1 . Assault . | . . . . . Garrison . | . . . . . Intercept . | . . . . . Searches Triggered . | . . . . . Construction Impeded . | . . . . . Haulers Reinforced . | . . . . . Active Scanning Responses . | . . . . . Cargo Convoy Interrupts . | . . . . . Stealth | -11 -10 -9 -8 -7 --------- Run | Jun Mat Mat Mat Fac Distress Signals 2 | . 1 . 1 . Communications Jammed . | . . . . . Distress Signals . | . . . . . Times Spotted 46 | . 7 12 17 10 Peak Tracking Total 9 | . 3 3 4 9 Tactical Retreats 3 | . 1 . . 2 Traps | -11 -10 -9 -8 -7 ------- Run | Jun Mat Mat Mat Fac Traps Triggered 2 | . . . 1 1 Indirectly . | . . . . . Trap Hack Attempts . | . . . . . Triggered . | . . . . . Disarmed . | . . . . . Reprogrammed . | . . . . . Reused . | . . . . . Traps Extracted . | . . . . . Installed . | . . . . . Triggered . | . . . . . Machines | -11 -10 -9 -8 -7 ---------- Run | Jun Mat Mat Mat Fac Machines Disabled . | . . . . . Max in Single Turn . | . . . . . Machines Repaired . | . . . . . Machines Sabotaged . | . . . . . Overloaded Fab Kills . | . . . . . Hacking | -11 -10 -9 -8 -7 --------- Run | Jun Mat Mat Mat Fac Machines Accessed 6 | . . 2 1 3 Terminals 6 | . . 2 1 3 Fabricators . | . . . . . Repair Stations . | . . . . . Recycling Units . | . . . . . Scanalyzers . | . . . . . Garrison Access . | . . . . . Total Hacks 19 | . . 7 5 7 Successful 8 | . . 3 3 2 Failed 11 | . . 4 2 5 Catastrophic 2 | . . 1 . 1 Database Lockouts . | . . . . . Manual 11 | . . 8 2 1 Terminals 19 | . . 7 5 7 Fabricators . | . . . . . Repair Stations . | . . . . . Recycling Units . | . . . . . Scanalyzers . | . . . . . Garrison Access . | . . . . . Terminal Hacks 8 | . . 3 3 2 Record 7 | . . 3 3 1 Open DSF 1 | . . . . 1 Fabricator Hacks . | . . . . . Repair Station Hacks . | . . . . . Recycling Unit Hacks . | . . . . . Scanalyzer . | . . . . . Garrison Access Hacks . | . . . . . Unauthorized Hacks . | . . . . . Terminals . | . . . . . Fabricators . | . . . . . Repair Stations . | . . . . . Recycling Units . | . . . . . Scanalyzers . | . . . . . Garrison Access . | . . . . . Data Cores Recovered 1 | . . . 1 . Used . | . . . . . Hacking Detections 5 | . . 2 1 2 Full Trace Events 5 | . . 2 1 2 Feedback Events . | . . . . . Feedback Blocked . | . . . . . Robot Schematics Acquired . | . . . . . Robots Built . | . . . . . Authchips . | . . . . . Time . | . . . . . Total Robot Build Rating . | . . . . . Part Schematics Acquired . | . . . . . Parts Built . | . . . . . Authchips . | . . . . . Time . | . . . . . Total Part Build Rating . | . . . . . Parts Repaired . | . . . . . Time . | . . . . . Parts Recycled . | . . . . . Recycled Matter . | . . . . . Retrieved Matter . | . . . . . Retrieved Components . | . . . . . Parts Scanalyzed . | . . . . . Part Schematics Acquired . | . . . . . Parts Damaged . | . . . . . Bothacking | -11 -10 -9 -8 -7 ------------ Run | Jun Mat Mat Mat Fac Used RIF Installer . | . . . . . Robots Hacked . | . . . . . Non-combat . | . . . . . Combat . | . . . . . Robot Hacks Applied . | . . . . . Relay Couplers Released . | . . . . . Fabnet Peak Effective % . | . . . . . Robots Rewired . | . . . . . Allies Hacked . | . . . . . Hacks Repelled . | . . . . . Allies | -11 -10 -9 -8 -7 -------- Run | Jun Mat Mat Mat Fac Total Allies . | . . . . . Largest Group . | . . . . . Highest-Rated Group . | . . . . . Highest-Rated Ally . | . . . . . Total Orders . | . . . . . Ally Attacks . | . . . . . Total Damage . | . . . . . Kills . | . . . . . Allies Corrupted . | . . . . . Allies Melted . | . . . . . Intel | -11 -10 -9 -8 -7 ------- Run | Jun Mat Mat Mat Fac Robot Analysis Total . | . . . . . Derelict Logs Recovered . | . . . . . Drone Launches . | . . . . . Drone Recoveries . | . . . . . Exploration | -11 -10 -9 -8 -7 ------------- Run | Jun Mat Mat Mat Fac Turns Passed 1051 | 60 118 285 321 267 Spaces Moved 579 | 50 58 124 173 174 Core 17 | 17 . . . . Treads 46 | . . 46 . . Legs 516 | 33 58 78 173 174 Wheels . | . . . . . Hover . | . . . . . Flight . | . . . . . Fastest Speed 50 | 50 120 120 120 120 Average Speed 121 | 96 120 134 120 121 Slowest Speed 160 | 120 120 160 120 122 Overloaded Moves . | . . . . . Propulsion Burnouts . | . . . . . Robots Hopped . | . . . . . Cave-ins Triggered . | . . . . . Exploration Rate (%) 12 | 4 18 15 17 7 Regions Visited 4 Branch Regions . Pre-discovered Areas . | . . . . . Known Exits Taken . | . . . . . Unknown Exits Taken 4 | 1 1 1 1 . Scrap Searched . | . . . . . Spaces Dug . | . . . . . Terrain Destroyed . | . . . . . Melee . | . . . . . Projectile . | . . . . . AOE . | . . . . . Terrain Rammed . | . . . . . Walls Destroyed . | . . . . . Machines Disabled . | . . . . . Actions | -11 -10 -9 -8 -7 --------- Run | Jun Mat Mat Mat Fac Total 757 | 61 81 176 232 207 Wait 10 | . . 3 1 6 Move 575 | 49 57 123 172 174 Hop . | . . . . . Pick Up 20 | 7 2 4 6 1 Fast Attach 14 | 1 . 3 4 6 Attach 11 | 4 . 3 4 . Detach . | . . . . . Swap 8 | . . 1 5 2 Drop 21 | . 3 3 8 7 Fire 85 | . 15 36 25 9 Melee . | . . . . . Ram . | . . . . . Kick 2 | . . . . 2 Crush . | . . . . . Escape Stasis . | . . . . . Rewire . | . . . . . Trap . | . . . . . Miscellaneous 11 | . 4 . 7 . Route ------- -11/Junkyard -10/Materials -9/Materials -8/Materials -7/Factory History --------- Turn | Location | Event 1 | -11/Junkyard | Upgraded with Propulsion slot (x2) 4 | -11/Junkyard | Discovered new exit (range 15) 26 | -11/Junkyard | Upgraded with Weapon slot (x1) 61 | -11/Junkyard | Entered Materials 160 | -10/Materials | Discovered new exit (range 14) 179 | -10/Materials | Entered another Materials area 181 | -9/Materials | Reached level 2 181 | -9/Materials | Reached level 3 184 | -9/Materials | Upgraded with Propulsion slot (x1) 184 | -9/Materials | Upgraded with Utility slot (x1) 300 | -9/Materials | Build established: Mutant 317 | -9/Materials | Discovered new exit (range 12) 332 | -9/Materials | Reached level 4 464 | -9/Materials | Entered another Materials area 466 | -8/Materials | Reached level 5 466 | -8/Materials | Reached level 6 466 | -8/Materials | Upgraded with Utility slot (x2) 466 | -8/Materials | Upgraded with Weapon slot (x1) 574 | -8/Materials | Reached level 7 642 | -8/Materials | Discovered new exit (range 3) 785 | -8/Materials | Entered Factory 787 | -7/Factory | Reached level 8 787 | -7/Factory | Reached level 9 858 | -7/Factory | Build established: Scavenger-Tank 859 | -7/Factory | Upgraded with Utility slot (x1) 917 | -7/Factory | Core integrity fell below 50% 1036 | -7/Factory | Core integrity fell below 20% 1052 | -7/Factory | Destroyed by Y-54 Guardian with Gatling Laser Last Messages --------------- 00981_ R-06 Scavenger collects Shield Generator. 00991_ Connecting with DSF Access... 01016_ Dropped Force Booster. 01016_ Acquired Imp. Utility Shielding. 01020_ H-55 Commando knocked back. 01022_ Penetrated by Slug. 01025_ Upgraded: Core Integrity (+50) 01025_ Upgraded: TH Damage % (+15) 01028_ Penetrated by Slug. 01028_ G-47 Trooper destroyed. 01031_ G-47 Trooper knocked back. 01032_ Penetrated by Slug. 01036_ R-06 Scavenger collects Force Booster. 01037_ Kicked G-47 Trooper out of the way. 01038_ Penetrated by Slug. 01040_ R-06 Scavenger collects Aluminum Leg. 01042_ Destroyed Lgt. Nuclear Core. 01042_ G-47 Trooper destroyed. 01044_ Penetrated by Slug. 01051_ G-47 Trooper destroyed. Map ----- +----------------------------------------------------+ | ????????## """ """ """ """ #? """" | | ?????????# """ """ """ """ #? """" | | ?????????#########+##### #? ?? | | ???????????????????????#]][ " "" ###+### | | ???????????????????????#][ %[ "R"" | | ???????????????????????#][ ][[ """ | | ???????????"""?"""?"""?# ][ | | ???????????"""?"""?"""?# [[ | | ???????????"""?"""?"""?# ######### | | ???????????????????????# #???????######## | | ???????????????????????# #??????????????# | | ???????????????????????# #??????????????# | | ???????????????????????# ########?"?"?"?# | | ???????????????????????# #?"?"?"?# | | ???????????????????????# #?"?"?"?# | | ???????????????????????+ #?"?"?"?# | | ???????????????????????# #?"?"?"?# | | ???????????????????????# #?"?"?"?# | | ???????????????????????### #### #?"?"?"?# | | ?????????????????????????# #??# #?"?"?"?+ | | ?????????????????????????# #?## #?"?"?"?# | | ?????????????????????????# #?# #???????# | | ?????????????????????????#[#?#T #???????# | | ?????????????????????#####m#### #???????## # | | ?????????????????????# !%%% r # #????????# # | | ?????????????????????# h@""" # #????????# =# | | ?????????????????????# =""" # #????????# !%# | | ?????????????????????# Y"""r#^ #????????# =!# | | ?????????????????????# ! # ########## # | | ?????????????????????# ![ """ # ! # | | ?????????????????????# ![ """ + | | ?????????????????????# """ # """ """ """ # | | ?????????????????????#* # """ """ """ # | | ?????????????????????########## """ """ """ # | | ????????????????????????????? """ "" "" | | ??????????????????????????? "" "" | | ?????????????????????????? | | ????????????????????????? | | ???????????????????????? | | ???????????????????????? ###+#######/#####+### | | ???????????????????????? ??????????? ???????? | | ?????????????????????????? ????""""?"""" ???????? | | ????????????????????????????????""""?"""" ???????? | | ????????????????????????????????""""?"""" ???????? | | ????????????????????????????????""""?""""????????? | | ?????????????????????????????????????????????????? | | ?????????????????????????????????????????????????? | | ?????????????????????????????????????????????????? | | ?????????????????????????????????????????????????? | | ?????????????????????????????????????????????????? | +----------------------------------------------------+ Best States ------------- Heat Dissipation 69 Energy Generation 14 Energy Capacity 265 Matter Stores 300 Matter Capacity 300 Sight Range 16 Terrain Scan Density 10 Armor Coverage 225 Resistance: KI 30 Resistance: TH 30 Resistance: EX 30 Resistance: EM 20 Resistance: I 20 Resistance: S 20 Resistance: P 20 Utility Shielding 66 Evasion (%) 55 Recoil Reduction 2 Force Boost 20 Offensive Hacking 20 Item Schematics ----------------- None Robot Schematics ------------------ None Fabricated ------------ Nothing Alien Tech Used ----------------- None Achievements -------------- None Challenges ------------ None RPGLIKE | -11 -10 -9 -8 -7 --------- Run | Jun Mat Mat Mat Fac Levels Raised 8 | . . 3 3 2 XP Earned 17374 | 4000 450 4632 4613 3679 XP Spent 15985 | 3300 . 3680 6000 3005 Upgrades 42 | 6 . 14 17 5 Propulsion Slot 3 | 2 . 1 . . Utility Slot 4 | . . 1 2 1 Weapon Slot 2 | 1 . . 1 . Core Integrity 9 | . . 8 . 1 Heat Dissipation 5 | . . . 5 . Mass Support 1 | . . 1 . . Inventory Capacity 3 | 3 . . . . Ranged Accuracy 3 | . . 3 . . KI Resistance % 2 | . . . 2 . TH Resistance % 2 | . . . 2 . EX Resistance % 2 | . . . 2 . KI Damage % 3 | . . . 3 . TH Damage % 3 | . . . . 3 Protomatter Created 396 | . 70 131 143 52 Integrity Restored 243 | . 90 . 153 . Core 243 | . 90 . 153 . Protomatter Decayed 138 | . . 88 50 . Game ------ Seed TiamatQuantumScanner Manual? 0 Play Time 00:34:00 Cumulative 5.5 hours Start 2023.08.05 @ 06:36:14 End 2023.08.05 @ 07:07:44 Sessions 1 Manual Loads 0 Difficulty Adventurer Special Mode Winter2019/RPGLIKE Game No. 3 Rogue 0 Adventurer 3 Explorer 0 Win Type - Total 0 Types 0/0/0/0/0/0/0/0/0 Lore% 12 Gallery% 19 Achievement% 14 Wizard Run 0 Options --------- ASCII 1 Keyboard 0 Movement Numpad Keybinds 0 Fullscreen 1 Font 18/Terminus Map View 76x50 Tactical HUD 1 Map Filters NONE Filters NONE Steam 1 RUN: d31f9c80-3503-4b7f-aeb6-879768e2b478